 Dungeon Crawl Stone Soup version 0.31-a0-217-g58bb5d79cf (webtiles) character file.

Game seed: 6309168711016321110

784 qw the Skirmisher (level 7, 1/1 HPs)
             Began as a Minotaur Hexslinger on July 2, 2023.
             Quit the game on level 4 of the Dungeon.
             The game lasted 01:21:04 (30171 turns).

qw the Skirmisher (Minotaur Hexslinger)            Turns: 30171, Time: 01:21:04

Health: 1/1        AC:  8    Str: 12    XL:     7   Next: 55%
Magic:  7/7        EV: 11    Int: 10    God:
Gold:   199        SH:  0    Dex: 15    Spells: 7/8 levels left

rFire   . . .        Y - +1 arbalest
rCold   . . .        (shield currently unavailable)
rNeg    . . .        f - +0 ring mail
rPois   .            d - +2 hat
rElec   .            (no cloak)
rCorr   .            c - +0 pair of gloves
SInv    .            (no boots)
Will    .....        a - amulet of faith
Stlth   +            (no ring)
HPRegen 0.20/turn    (no ring)
MPRegen 0.10/turn

%: faith
@: no status effects
A: horns 2, retaliatory headbutt
a: no special abilities


You were on level 4 of the Dungeon.
You visited 1 branch of the dungeon, and saw 5 of its levels.

You collected 199 gold pieces.


Innate Abilities, Weirdness & Mutations

You have a pair of horns on your head.
You reflexively headbutt those who attack you in melee.


   Skills:
 + Level 4.7 Fighting
 - Level 8.2 Ranged Weapons
 - Level 2.2 Armour
 - Level 2.1 Dodging
 - Level 1.0 Spellcasting
 - Level 2.0 Hexes


You had 7 spell levels left.
You knew the following spells:

 Your Spells              Type           Power      Damage    Failure   Level
a - Slow                  Hex            16%        N/A       32%         1

Your spell library contained the following spells:

 Spells                   Type           Power      Damage    Failure   Level
 Inner Flame              Hex/Fire       2%         N/A       83%         3
 Portal Projectile        Hex/Tloc       4%         N/A       83%         3
 Cause Fear               Hex            2%         N/A       97%         4

Inventory:

Hand Weapons
 Y - a +1 arbalest (weapon)
Armour
 c - a +0 pair of gloves (worn)
 d - a +2 hat (worn)
 f - a +0 ring mail (worn)
Jewellery
 a - an amulet of faith (around neck)
Scrolls
 e - a scroll of identify
Potions
 g - 2 potions of enlightenment
 h - a potion of curing {unknown}
 i - a potion of mutation {unknown}
 j - a potion of might {unknown}
 k - a potion of lignification {unknown}
 l - a potion of heal wounds {unknown}

Dungeon Overview and Level Annotations

Branches:
Dungeon (5/15)             Temple (0/1) D:5

Altars:
Vehumet

Shops:
D:2 [   D:5 [

Annotations:
D:4 2 transporters, qw's ghost, amateur GrFi


Message History

Partly explored, unvisited transporter.
(D) Dungeon (T) Temple
Where to? (* - list waypoints, Enter - Temple, ? - help)
You climb downwards.
There is a stone staircase leading up, spattered with blood here.
Sorry, I don't know how to get there.
(D) Dungeon (T) Temple
Where to? (* - list waypoints, Enter - Temple, ? - help) Sorry, I don't know how to get there.
You climb upwards.
Level annotation: 2 transporters, qw's ghost, amateur GrFi
There is a stone staircase leading down here.
Partly explored, unvisited transporter.
(D) Dungeon (T) Temple
Where to? (* - list waypoints, Enter - Temple, ? - help)
You climb downwards.
There is a stone staircase leading up, spattered with blood here.
Sorry, I don't know how to get there.
(D) Dungeon (T) Temple
Where to? (* - list waypoints, Enter - Temple, ? - help) Sorry, I don't know how to get there.
You climb upwards.
Level annotation: 2 transporters, qw's ghost, amateur GrFi
There is a stone staircase leading down here.
Partly explored, unvisited transporter.
(D) Dungeon (T) Temple
Where to? (* - list waypoints, Enter - Temple, ? - help)
You climb downwards.
There is a stone staircase leading up, spattered with blood here.
Sorry, I don't know how to get there.
(D) Dungeon (T) Temple
Where to? (* - list waypoints, Enter - Temple, ? - help) Sorry, I don't know how to get there.
You climb upwards.
Level annotation: 2 transporters, qw's ghost, amateur GrFi Zot's power touches on you...
Buggy note passed: unknown note type
There is a stone staircase leading down here.
30171 ||| QUITTING!
Are you sure you want to abandon this character and quit the game? (Confirm with "yes".)

#)# #.# ###.# #.# #.#
#.# #.# #.# #.# #.#
#># #.# #.#
#(###########.# #.#
#.##.......##.## #.#
#....#####...#.##
#.###..###...###.##.#
#...@(##......^#.###.
#####.#..#.#...#.##.#
##.#..#.#...#...##
##..##.W...#.##.###
##....#5.#5..#.#.# #
#(#..^#:5.^# #.# #
#.##..#$#... ##.###
#.##.##.#...#.#^....
#..#.# .#.##..##%###


There were no monsters in sight!

Vanquished Creatures
  Grinder (D:4)
  Menkaure (D:4)
  Duvessa (D:4)
  A kobold brigand (D:4)
  Dowan (D:4)
  A howler monkey (D:4)
  A hound (D:4)
  Terence (D:3)
  Robin (D:4)
  A gnoll (D:1)
  4 adders
  An ufetubus (D:5)
  2 dart slugs (D:1)
  3 orcs (D:3)
  7 bats
  13 endoplasms
  5 giant cockroaches (D:1)
  6 hobgoblins
  2 jackals (D:1)
  2 quokkas
  6 ball pythons
  3 frilled lizards
  12 goblins
  11 kobolds
  A rat (D:1)
88 creatures vanquished.

Notes
Turn   | Place    | Note
-------+----------+-------------------------------------------
     0 | D:1      | qw the Minotaur Hexslinger began the quest for the Orb.
     0 | D:1      | Reached XP level 1. HP: 16/16 MP: 1/1
     0 | D:1      | 0 ||| qw: Version: 0.3-a-40-ge99b1a8
     0 | D:1      | 0 ||| qw: Game counter: 8012
     0 | D:1      | 0 ||| qw: Melee chars always use a shield: true
     0 | D:1      | 0 ||| qw: God list: Okawaru
     0 | D:1      | 0 ||| qw: Allow faded altars: false
     0 | D:1      | 0 ||| qw: Do Orc after clearing Dungeon:15 true
     0 | D:1      | 0 ||| qw: Do second Lair branch before Depths: true
     0 | D:1      | 0 ||| qw: Lair rune preference: random
     0 | D:1      | 0 ||| qw: Goals: Normal
     0 | D:1      | 0 ||| PLANNING D:1-11
    44 | D:1      | Found a faded altar of an unknown god.
    48 | D:1      | 48 ||| READING scroll labelled QENLUCH IRUXUJ.
    49 | D:1      | 49 ||| DROPPING scroll of poison.
    62 | D:1      | Reached skill level 3 in Ranged Weapons
    62 | D:1      | Reached XP level 2. HP: 20/23 MP: 2/2
   194 | D:1      | 194 ||| FLEEEEING.
   195 | D:1      | 195 ||| FLEEEEING.
   196 | D:1      | 196 ||| FLEEEEING.
   266 | D:1      | 266 ||| FLEEEEING.
   267 | D:1      | 267 ||| FLEEEEING.
   268 | D:1      | 268 ||| FLEEEEING.
   273 | D:1      | 273 ||| FLEEEEING.
   274 | D:1      | 274 ||| FLEEEEING.
   275 | D:1      | 275 ||| FLEEEEING.
   276 | D:1      | 276 ||| FLEEEEING.
   277 | D:1      | 277 ||| FLEEEEING.
   278 | D:1      | 278 ||| FLEEEEING.
   279 | D:1      | 279 ||| FLEEEEING.
   280 | D:1      | 280 ||| FLEEEEING.
   281 | D:1      | 281 ||| FLEEEEING.
   301 | D:1      | 301 ||| FLEEEEING.
   303 | D:1      | Reached XP level 3. HP: 27/29 MP: 3/3
   340 | D:1      | Reached skill level 4 in Ranged Weapons
   619 | D:1      | 619 ||| UPGRADING to +1 hat.
   624 | D:1      | 624 ||| UPGRADING to +0 ring mail.
   634 | D:1      | 634 ||| DROPPING +0 robe.
   640 | D:1      | 640 ||| READING 2 scrolls labelled ZURUPHI URGHEWN.
   641 | D:1      | 641 ||| READING scroll of enchant armour.
   641 | D:1      | 641 ||| ENCHANTING +1 hat.
   674 | D:1      | 674 ||| READING 3 scrolls labelled DED UTILUGOIB.
   675 | D:1      | 675 ||| READING 2 scrolls of brand weapon.
   675 | D:1      | 675 ||| BRANDING +1 sling of flaming.
   676 | D:1      | 676 ||| READING scroll of brand weapon.
   676 | D:1      | 676 ||| BRANDING +1 sling of electrocution.
   704 | D:1      | 704 ||| READING scroll labelled ZEKIGO QEMO.
   705 | D:1      | 705 ||| READING 3 scrolls labelled NATERCHA QEPEY.
   708 | D:1      | 708 ||| READING scroll labelled ZITWIACZUK.
   710 | D:1      | 710 ||| DROPPING 2 scrolls of noise.
   877 | D:2      | 877 ||| SWAPPING to +0 arbalest.
   878 | D:2      | 878 ||| DROPPING +1 heavy sling.
  1141 | D:2      | Found a radiant altar of Vehumet.
  1157 | D:2      | Found Gioted's Antique Armour Shoppe.
  1166 | D:2      | 1166 ||| SHOPLISTING ancient cloak (313 gold, have 66).
  1166 | D:2      | 1166 ||| SHOPLISTING runed ring mail (231 gold, have 66).
  1282 | D:2      | 1282 ||| READING scroll labelled VITWIKKUMYON.
  1283 | D:2      | 1283 ||| READING scroll labelled TECWIY MAUPP.
  1284 | D:2      | 1284 ||| READING scroll labelled ICWAUW XARCHUM.
  1287 | D:2      | 1287 ||| READING 2 scrolls of identify.
  1287 | D:2      | 1287 ||| IDENTIFYING fuming brown potion
  1335 | D:3      | Reached skill level 1 in Armour
  1335 | D:3      | Reached XP level 4. HP: 36/36 MP: 4/4
  2076 | D:3      | Noticed Terence
  2080 | D:3      | Killed Terence
  2081 | D:3      | Reached skill level 5 in Ranged Weapons
  2119 | D:3      | 2119 ||| UPGRADING to +0 pair of gloves.
  2124 | D:3      | 2124 ||| READING scroll labelled MESIKH WAGIBRILL.
  2174 | D:4      | Found a transporter.
  2186 | D:4      | Noticed qw's ghost (amateur GrFi)
  2190 | D:4      | Reached skill level 3 in Fighting
  2190 | D:4      | Reached XP level 5. HP: 45/45 MP: 5/5
  2242 | D:4      | Found a transporter.
  2325 | D:4      | Noticed Grinder
  2326 | D:4      | 2326 ||| FLEEEEING.
  2327 | D:4      | 2327 ||| FLEEEEING.
  2334 | D:4      | 2334 ||| FLEEEEING.
  2335 | D:4      | 2335 ||| FLEEEEING.
  2338 | D:4      | 2338 ||| FLEEEEING.
  2339 | D:4      | 2339 ||| FLEEEEING.
  2340 | D:4      | 2340 ||| FLEEEEING.
  2341 | D:4      | 2341 ||| FLEEEEING.
  2342 | D:4      | 2342 ||| FLEEEEING.
  2346 | D:4      | 2346 ||| FLEEEEING.
  2347 | D:4      | 2347 ||| FLEEEEING.
  2348 | D:4      | 2348 ||| FLEEEEING.
  2349 | D:4      | 2349 ||| FLEEEEING.
  2351 | D:4      | 2351 ||| FLEEEEING.
  2352 | D:4      | 2352 ||| FLEEEEING.
  2355 | D:4      | Killed Grinder
  2356 | D:4      | Reached skill level 6 in Ranged Weapons
  2356 | D:4      | Reached XP level 6. HP: 34/51 MP: 6/6
  2457 | D:4      | Noticed Robin
  2474 | D:4      | Killed Robin
  2531 | D:4      | Noticed Duvessa
  2532 | D:4      | Noticed Dowan
  2536 | D:4      | Killed Duvessa
  2542 | D:4      | HP: 11/53 [Dowan/stone arrow (10)]
  2544 | D:4      | 2544 ||| READING scroll of teleportation.
  2546 | D:4      | Killed Dowan
  2547 | D:4      | Reached skill level 7 in Ranged Weapons
  2547 | D:4      | Reached XP level 7. HP: 14/60 MP: 7/7
  2583 | D:4      | 2583 ||| FLEEEEING.
  2584 | D:4      | 2584 ||| FLEEEEING.
  2588 | D:4      | 2588 ||| STAIRDANCE
  2697 | D:3      | 2697 ||| UPGRADING to amulet of faith.
  2754 | D:4      | Noticed Menkaure
  2759 | D:4      | HP: 14/60 [Menkaure (18)]
  2762 | D:4      | HP: 1/60 [Menkaure/nerve-wracking pain (6)]
  2763 | D:4      | Killed Menkaure
  3257 | D:4      | 3257 ||| READING 2 scrolls of identify.
  3257 | D:4      | 3257 ||| IDENTIFYING amethyst potion
  3258 | D:4      | 3258 ||| DROPPING potion of magic.
  3287 | D:5      | Entered Level 5 of the Dungeon
  3289 | D:5      | 3289 ||| STAIRDANCE
  3293 | D:4      | Reached skill level 8 in Ranged Weapons
  3337 | D:5      | Found Kiosylim's Armour Shop.
  3338 | D:5      | Found a staircase to the Ecumenical Temple.
  3339 | D:5      | 3339 ||| PLANNING TEMPLE
  3339 | D:5      | 3339 ||| FLEEEEING.
  3340 | D:5      | 3340 ||| FLEEEEING.
  3341 | D:5      | 3341 ||| STAIRDANCE
  3345 | D:5      | 3345 ||| STAIRDANCE
  3349 | D:5      | 3349 ||| STAIRDANCE
  3369 | D:5      | 3369 ||| STAIRDANCE
  3373 | D:5      | 3373 ||| STAIRDANCE
  3377 | D:5      | 3377 ||| STAIRDANCE
  3381 | D:5      | 3381 ||| STAIRDANCE
  3385 | D:5      | 3385 ||| STAIRDANCE
  3389 | D:5      | 3389 ||| STAIRDANCE
  3393 | D:5      | 3393 ||| STAIRDANCE
  3397 | D:5      | 3397 ||| STAIRDANCE
  3401 | D:5      | 3401 ||| STAIRDANCE
  3405 | D:5      | 3405 ||| STAIRDANCE
  3409 | D:5      | 3409 ||| STAIRDANCE
  3413 | D:5      | 3413 ||| STAIRDANCE
  3417 | D:5      | 3417 ||| STAIRDANCE
  3421 | D:5      | 3421 ||| STAIRDANCE
  3425 | D:5      | 3425 ||| STAIRDANCE
  3429 | D:5      | 3429 ||| STAIRDANCE
 23770 | D:4      | Glimpsed the power of Zot.
 24170 | D:4      | Glimpsed the power of Zot.
 24490 | D:4      | Glimpsed the power of Zot.
 24570 | D:4      | Touched by the power of Zot (MHP 60 -> 47)
 24571 | D:4      | Glimpsed the power of Zot.
 24971 | D:4      | Glimpsed the power of Zot.
 25291 | D:4      | Glimpsed the power of Zot.
 25370 | D:4      | Touched by the power of Zot (MHP 46 -> 36)
 25371 | D:4      | Glimpsed the power of Zot.
 25771 | D:4      | Glimpsed the power of Zot.
 26091 | D:4      | Glimpsed the power of Zot.
 26170 | D:4      | Touched by the power of Zot (MHP 35 -> 27)
 26171 | D:4      | Glimpsed the power of Zot.
 26571 | D:4      | Glimpsed the power of Zot.
 26891 | D:4      | Glimpsed the power of Zot.
 26970 | D:4      | Touched by the power of Zot (MHP 26 -> 19)
 26971 | D:4      | Glimpsed the power of Zot.
 27371 | D:4      | Glimpsed the power of Zot.
 27691 | D:4      | Glimpsed the power of Zot.
 27770 | D:4      | Touched by the power of Zot (MHP 18 -> 12)
 27771 | D:4      | Glimpsed the power of Zot.
 28171 | D:4      | Glimpsed the power of Zot.
 28491 | D:4      | Glimpsed the power of Zot.
 28570 | D:4      | Touched by the power of Zot (MHP 12 -> 7)
 28571 | D:4      | Glimpsed the power of Zot.
 28971 | D:4      | Glimpsed the power of Zot.
 29291 | D:4      | Glimpsed the power of Zot.
 29370 | D:4      | Touched by the power of Zot (MHP 6 -> 2)
 29371 | D:4      | Glimpsed the power of Zot.
 29771 | D:4      | Glimpsed the power of Zot.
 30091 | D:4      | Glimpsed the power of Zot.
 30170 | D:4      | Touched by the power of Zot (MHP 2 -> 1)
 30171 | D:4      | 30171 ||| QUITTING!
 30171 | D:4      | Quit the game

Levels and vault maps discovered:
D:1:      lightli_molten_gateway, layout_rooms, ebering_ecumenical_altar_ruins,
          minmay_quantized
D:2:      layout_loops_cross, serial_shops, nicolae_shop_advertising_works
          [nicolae_subvault_shop_adworks], basic_altar
D:3:      layout_basic, nicolae_eternal_life, uniq_terence
D:4:      layout_loops_ring, gammafunk_ghost_stat_death, uniq_duvessa,
          uniq_menkaure, uniq_grinder, uniq_robin
D:5:      layout_basic, jmf_multi_god_temple2, minmay_temple_entry_oklob,
          serial_aquarium, aquarium_bridge_long_separate
          [aquarium_subvault_balcony, aquarium_subvault_wall,
          aquarium_subvault_bridge, aquarium_subvault_bridge,
          aquarium_subvault_window, aquarium_subvault_bridge],
          aquarium_bridge_square [aquarium_subvault_window,
          aquarium_subvault_window, aquarium_subvault_wall,
          aquarium_subvault_bridge], aquarium_window_1, aquarium_window_double,
          aquarium_view_2b, aquarium_balcony_5a, aquarium_pool_1,
          ebering_ghost_sewer_f, serial_shops, shop, uniq_edmund, uniq_eustachio

Skill      XL: |  1  2  3  4  5  6  7 |
---------------+----------------------+-----
Ranged Weapons | 3 4 5 6 7 8 |  8.2
Fighting       | 2 3 4 |  4.7
Armour         | 1 2 |  2.2
Dodging        | |  2.1
Spellcasting   | |  1.0
Hexes          | |  2.0

Action                     |  1- 3 |  4- 6 |  7- 9 || total
---------------------------+-------+-------+-------++-------
   Fire: Sling             |   111 |       |       ||   111
         Arbalest          |    16 |    98 |    16 ||   130
    Use: Scroll            |    13 |     2 |     1 ||    16
 Armour: Robe              |    10 |       |       ||    10
         Ring mail         |     4 |    39 |     7 ||    50
  Dodge: Dodged            |    31 |    53 |    14 ||    98

Table legend:
 A = Non-vault XP
 B = Vault XP
 C = Vault XP percentage of total XP
 D = Non-vault monster count
 E = Vault monster count
 F = Vault count percentage of total count
                 A         B        C        D         E       F
            +---------+---------+-------+---------+---------+-------
      Total |     381 |     739 |  66.0 |      67 |      21 |  23.9
            +---------+---------+-------+---------+---------+-------
        D:1 |      71 |       8 |  10.1 |      31 |       5 |  13.9
        D:2 |       6 |       0 |   0.0 |       5 |       0 |   0.0
        D:3 |      66 |      36 |  35.3 |      16 |       1 |   5.9
        D:4 |     225 |     695 |  75.5 |      10 |      15 |  60.0
        D:5 |      13 |       0 |   0.0 |       5 |       0 |   0.0
            +---------+---------+-------+---------+---------+-------
